 Dungeon Crawl Stone Soup version 0.25-a0-110-ge29c8f2358 (webtiles) character file.

Game seed: 9917934587509555552, levelgen mode: deterministic

1 vurker the Skirmisher (level 1, -8/18 HPs)
             Began as a Formicid Abyssal Knight on Nov 19, 2019.
             Was a Follower of Lugonu.
             Mangled by a neqoxec (11 damage)
             ... on level 1 of the Dungeon.
             The game lasted 00:00:39 (98 turns).

vurker the Skirmisher (Formicid Abyssal Knight)       Turns: 98, Time: 00:00:40

Health: -8/18      AC:  3    Str: 14      XL:     1   Next: 22%
Magic:  2/2        EV: 11    Int:  8 (11) God:    Lugonu [*.....]
Gold:   0          SH:  0    Dex: 10      Spells: 0/0 levels left

rFire    . . .     SeeInvis +   a - +1 hand axe
rCold    . . .     Gourm    .   (no shield)
rNeg     . . .     Faith    .   b - +0 leather armour
rPois    .         Spirit   .   (helmet unavailable)
rElec    .         Reflect  .   (no cloak)
rCorr    .         Harm     .   (no gloves)
MR       .....                  (no boots)
Stlth    +.........             (no amulet)
HPRegen  0.06/turn              (no ring)
MPRegen  0.08/turn              (no ring)

@: no status effects
A: permanent stasis, dig shafts and tunnels, four strong arms, antennae 3, low
mp 2, weak 1, MP-powered wands
a: Dig, Shaft Self, Depart the Abyss, Renounce Religion


You were on level 1 of the Dungeon.
You worshipped Lugonu.
Lugonu was aware of your devotion.
You were not hungry.

You visited 1 branch of the dungeon, and saw 1 of its levels.
You visited the Abyss 1 time.

Inventory:

Hand Weapons
 a - a +1 hand axe (weapon)
Armour
 b - a +0 leather armour (worn)
Comestibles
 e - a ration


   Skills:
 + Level 3.3 Fighting
 * Level 2.0 Axes
 - Level 2.1 Armour
 - Level 0.8 Dodging
 + Level 2.2 Invocations


You couldn't memorise any spells.
You didn't know any spells.
Your spell library was empty.

Dungeon Overview and Level Annotations

Branches:
Dungeon (1/15)

Altars:


Innate Abilities, Weirdness & Mutations

You cannot be hasted, slowed, berserked, paralysed or teleported.
You can dig through walls and to a lower floor.
Your four strong arms can wield two-handed weapons with a shield.
You have a pair of large antennae on your head. (SInv)
Your magical capacity is very low. (-20% MP)
You are weak. (Str -2)
You expend magic power (3 MP) to strengthen your wands.


Message History

The neqoxec gestures at you.
Strange energies course through your body.
You feel less energetic.
The neqoxec hits you but does no damage.
The neqoxec gestures.
A raiju comes into view.
The neqoxec gestures at you.
Strange energies course through your body.
You feel less energetic. The quasit barely misses you.
The quasit claws you but does no damage.
The quasit closely misses you.
You pass through the gate.
The quasit disappears in a puff of smoke!
The crimson imp disappears in a puff of smoke!
The quasit disappears in a puff of smoke!
The goblin shouts!
A bat comes into view.
There is a staircase leading out of the dungeon here.
The neqoxec gestures at you.
Strange energies course through your body.
You feel weaker.
You hit the neqoxec but do no damage. The neqoxec hits you!
Ouch! That really hurt!
* * * LOW HITPOINT WARNING * * *
The neqoxec gestures at you.
Something tries to feed on your intellect!
Found a stone staircase leading down.
A goblin comes into view.
The goblin shouts!
Found a scroll labeled JULYSO ZEUMUSAFAC and 13 bolts.
A bat comes into view.
Found 2 silver javelins.
The bat closely misses you.
A kobold comes into view.
The bat hits you but does no damage.
The neqoxec gestures.
The bat closely misses you.
You slash the bat!
You kill the bat!
Lugonu accepts your kill.
You closely miss the kobold. The kobold barely misses you.
The neqoxec gestures at you.
You feel dopey. Something feeds on your intellect! The kobold hits you.
* * * LOW HITPOINT WARNING * * *
The neqoxec hits you!
Ouch! That really hurt!
You die...

#. #. ## #. ...
#. ##### ....##.
#.....
....(##...###
#..>.......
#.K...# #@##.##
#3# #####g#####
..#{..gb5...#..#
#......5....#
#.....#.#.....#
......#.#......#
......#.#?.....#
....#{#.#.#....#


You could see a neqoxec, a shadow imp, an ufetubus, 2 goblins, a bat and a
kobold.

Vanquished Creatures
  A bat (D:1)
1 creature vanquished.

Notes
Turn   | Place    | Note
-------+----------+-------------------------------------------
     0 | Abyss:1  | vurker the Formicid Abyssal Knight began the quest for the
                  | Orb.
     0 | Abyss:1  | Reached XP level 1. HP: 18/18 MP: 2/2
    53 | Abyss:1  | Noticed a large abomination
    64 | Abyss:1  | Noticed a neqoxec
    64 | Abyss:1  | Noticed a small abomination
    66 | Abyss:1  | Gained mutation: You expend magic power (3 MP) to
                  | strengthen your wands. [a neqoxec]
    77 | Abyss:1  | Gained mutation: Your magical capacity is low. (-10% MP) [a
                  | neqoxec]
    79 | Abyss:1  | Noticed a raiju
    80 | Abyss:1  | Noticed a quasit
    80 | Abyss:1  | Noticed a crimson imp
    80 | Abyss:1  | Noticed a quasit
    80 | Abyss:1  | Gained mutation: Your magical capacity is very low. (-20%
                  | MP) [a neqoxec]
    81 | D:1      | Escaped the Abyss
    84 | D:1      | Gained mutation: You are weak. (Str -2) [a neqoxec]
    98 | D:1      | Mangled by a neqoxec

Levels and vault maps discovered:
D:1:      matt_arrival_grand_opening, layout_loops_ring

Action                   || total
-------------------------++-------
Melee: Hand axe          ||     2
Armor: Leather armour    ||     3
Dodge: Dodged            ||     7

Table legend:
 A = Non-vault XP
 B = Vault XP
 C = Vault XP percentage of total XP
 D = Non-vault monster count
 E = Vault monster count
 F = Vault count percentage of total count
                 A         B        C        D         E       F
            +---------+---------+-------+---------+---------+-------
      Total |       2 |       0 |   0.0 |       1 |       0 |   0.0
            +---------+---------+-------+---------+---------+-------
        D:1 |       2 |       0 |   0.0 |       1 |       0 |   0.0
            +---------+---------+-------+---------+---------+-------
